 Dungeon Crawl Stone Soup version 0.31-a0-174-g85c54bcb58 (webtiles) character file.

Game seed: 12058107069086164224

130 lunkers the Cudgeller (level 5, 0/45 HPs)
             Began as a Meteoran Fighter on June 15, 2023.
             Slain by an orc
             ... wielding a +0 trident
              (5 damage)
             ... on level 3 of the Dungeon.
             The game lasted 00:02:20 (1120 turns).

lunkers the Cudgeller (Meteoran Fighter)            Turns: 1120, Time: 00:02:21

Health: 0/45       AC:  6    Str: 19    XL:     5   Next: 63%
Magic:  6/6        EV:  9    Int: 10    God:
Gold:   106        SH:  5    Dex: 13    Spells: 4/4 levels left

rFire   + . .        a - +0 flail
rCold   + . .        c - +0 buckler
rNeg    . . .        b - +0 scale mail
rPois   .            (no helmet)
rElec   .            o - scarf {rC+ rF+}
rCorr   .            (no gloves)
SInv    .            (no boots)
Will    .....        (no amulet) Stlth
                     (no ring)
HPRegen 0.27/turn    (no ring)
MPRegen 0.10/turn

%: no passive effects
@: glowing
A: sense surroundings 1, otherworldly, glowing, explore regen
a: no special abilities


You were on level 3 of the Dungeon.
You visited 1 branch of the dungeon, and saw 3 of its levels.

You collected 106 gold pieces.

Inventory:

Hand Weapons
 a - a +0 flail (weapon)
Armour
 b - a +0 scale mail (worn)
 c - a +0 buckler (worn)
 o - a scarf of resistance (worn)
Scrolls
 d - a scroll of vulnerability {unknown}
 e - 3 scrolls of teleportation {unknown}
 g - a scroll of immolation {unknown}
 h - 2 scrolls of amnesia {unknown}
 j - 4 scrolls of identify {unknown}
 k - a scroll of enchant weapon {unknown}
 l - a scroll of fog {unknown}
 n - a scroll of blinking {unknown}
Potions
 f - a potion of degeneration {unknown}
 i - 2 potions of mutation {unknown}
 m - a potion of berserk rage {unknown}


   Skills:
 - Level 3.2 Fighting
 + Level 6.8 Maces & Flails
 - Level 3.6 Armour
 - Level 3.6 Shields


You had 4 spell levels left.
You didn't know any spells.
Your spell library contained the following spells:

 Spells                   Type           Power      Damage    Failure   Level
 Cigotuvi's Dreadful Rot  Necr/Pois/Air  0%         N/A       91%         2
 Call Canine Familiar     Summ           0%         N/A       99%         3
 Portal Projectile        Hex/Tloc       0%         N/A       99%         3
 Stone Arrow              Conj/Erth      0%         3d7       99%         3
 Animate Armour           Summ/Erth      0%         N/A       100%        4
 Dispel Undead            Necr           0%         3d6       100%        4
 Leda's Liquefaction      Hex/Erth       0%         N/A       100%        4
 Death Channel            Necr           0%         N/A       100%        6
 Lehudib's Crystal Spear  Conj/Erth      0%         10d2      100%        8


Dungeon Overview and Level Annotations

Branches:
Dungeon (3/15) Zot: 1100

Altars:

Shops:
D:1 (((


Innate Abilities, Weirdness & Mutations

You passively map a small area around you.
You are easily found by Zot.
You glow in the dark.
You regain HP and MP as you explore.


Message History

The orc hits you but does no damage. x2
You barely miss the orc priest.
The orc priest is almost dead.
The orc hits you from afar with a +0 trident!
* * * LOW HITPOINT WARNING * * *
The orc hits you with a +0 mace.
* * * LOW HITPOINT WARNING * * *
You block the orc's attack. The orc priest closely misses you.
You barely miss the orc priest.
The orc priest is almost dead.
The orc completely misses you. x2; The orc hits you with a +0 club.
* * * LOW HITPOINT WARNING * * *
The orc priest hits you with a +0 hand axe.
* * * LOW HITPOINT WARNING * * *
You sock the orc priest!
You kill the orc priest!
The orc hits you with a +0 club.
* * * LOW HITPOINT WARNING * * *
The orc hits you with a +0 mace.
* * * LOW HITPOINT WARNING * * *
The orc misses you.
You sock the orc!
You kill the orc!
The orc barely misses you. You block the orc's attack.
The orc hits you with a +0 club.
* * * LOW HITPOINT WARNING * * *
The orc hits you from afar with a +0 trident.
* * * LOW HITPOINT WARNING * * *
You thump the orc!
You kill the orc!
You block the orc's attack.
Unknown command.
You block the orc's attack.
Things that are here:
a +0 club; a +0 scale mail; an orc corpse You closely miss the orc.
The orc barely misses you.
You hit the orc.
The orc is lightly wounded.
The orc hits you with a +0 trident.
You die...

##.....#.........# #...
#########........###...
######...............
##...##..........#####
##............... *###
#>............... ....
#................ ####
#....>...........
##..))@o......... ,, ,
##...##........, **
######/.......
#......oo #........ ,,
*....... , , .... **
,,, ,


You could see an orc.

Vanquished Creatures
  An orc priest (D:3)
  Terence (D:3)
  An adder (D:2)
  2 dart slugs
  3 orcs (D:3)
  4 bats
  5 endoplasms
  A giant cockroach (D:1)
  3 goblins
  5 hobgoblins
  5 jackals (D:2)
  4 quokkas
  4 ball pythons
  6 frilled lizards
  5 kobolds
  3 rats (D:1)
53 creatures vanquished.

Notes
Turn   | Place    | Note
-------+----------+-------------------------------------------
     0 | D:1      | lunkers the Meteoran Fighter began the quest for the Orb.
     0 | D:1      | Reached XP level 1. HP: 19/19 MP: 2/2
    68 | D:1      | Reached skill level 3 in Maces & Flails
   113 | D:1      | Reached XP level 2. HP: 21/26 MP: 3/3
   129 | D:1      | Found Abau's Weapon Emporium.
   216 | D:1      | Reached skill level 4 in Maces & Flails
   244 | D:1      | Found Vaytap's Antique Weapon Emporium.
   249 | D:1      | Reached XP level 3. HP: 26/31 MP: 4/4
   288 | D:1      | Found Cawyisau's Weapon Shop.
   705 | D:2      | Reached skill level 5 in Maces & Flails
   727 | D:2      | Reached XP level 4. HP: 38/38 MP: 5/5
   929 | D:3      | Noticed Terence
   952 | D:3      | Killed Terence
   953 | D:3      | Reached skill level 6 in Maces & Flails
   953 | D:3      | Reached XP level 5. HP: 44/45 MP: 6/6
  1120 | D:3      | Slain by an orc

Illustrated notes

Levels and vault maps discovered:
D:1:      dpeg_arrival_concentric_ovals, layout_basic, serial_shops, shop, shop,
          nicolae_shop_advertising_works [nicolae_subvault_shop_adworks]
D:2:      layout_loops_ring
D:3:      layout_rooms, uniq_terence

Skill      XL: |  1  2  3  4 |
---------------+-------------+-----
Maces & Flails | 3 4 5 6 |  6.8
Fighting       | |  3.2
Armour         | |  3.6
Shields        | |  3.6

Action                     |  1- 3 |  4- 6 || total
---------------------------+-------+-------++-------
  Melee: Flail             |    94 |    52 ||   146
    Use: Potion            |       |     1 ||     1
 Armour: Scale mail        |    50 |    19 ||    69
  Dodge: Dodged            |    37 |    19 ||    56
  Block: Buckler           |    25 |    13 ||    38

Table legend: (Time is in decaauts)
 A = Elapsed time spent in this place.
 B = Non-inter-level travel time spent in this place.
 C = Inter-level travel time spent in this place.
 D = Time resting spent in this place.
 E = Time spent auto-exploring this place.
 F = Levels seen in this place.
 G = Mean time per level.
                   A        B        C        D        E       F      G
               +--------+--------+--------+--------+--------+-----+--------+
         Total |   1148 |   1101 |     47 |      0 |    687 |   3 |  382.7 |
       Dungeon |   1148 |   1101 |     47 |      0 |    687 |   3 |  382.7 |
               +--------+--------+--------+--------+--------+-----+--------+

Top non-repeatable levels by time:
     D:1: 536 daAuts
     D:2: 404 daAuts
     D:3: 207 daAuts
